 Dungeon Crawl Stone Soup version 0.29.0-15-g675c0067aa (webtiles) character file.

Game seed: 15329267081070208022

14 void236 the Ducker (level 2, 0/24 HPs)
             Began as a Merfolk Monk on Sept 11, 2022.
             Slain by an adder (4 damage)
             ... on level 3 of the Dungeon.
             The game lasted 00:01:02 (637 turns).

void236 the Ducker (Merfolk Monk)                    Turns: 637, Time: 00:01:03

Health: 0/24       AC:  2    Str: 11    XL:     2   Next: 41%
Magic:  2/2        EV: 14    Int:  9    God:
Gold:   15         SH:  0    Dex: 16    Spells: 1/1 levels left

rFire   . . .      SeeInvis .     - Unarmed
rCold   . . .      Faith    .   (no shield)
rNeg    . . .      Spirit   .   a - +0 robe
rPois   .          Reflect  .   (no helmet)
rElec   .          Harm     .   (no cloak)
rCorr   .          Rampage  .   (no gloves)
Will    .....                   (no boots)
Stlth   ++........              (no amulet)
HPRegen 0.08/turn               (no ring)
MPRegen 0.08/turn               (no ring)

@: no status effects
A: (nimble swimmer 2), mertail
a: no special abilities


You were on level 3 of the Dungeon.
You visited 1 branch of the dungeon, and saw 3 of its levels.

You collected 15 gold pieces.

Inventory:

Missiles
 d - a throwing net (quivered)
Armour
 a - a +0 robe (worn)
Scrolls
 c - a scroll of identify {unknown}
 e - a scroll of noise {unknown}
Potions
 b - a potion of ambrosia


   Skills:
 + Level 3.5 Fighting
 + Level 4.4 Dodging
 + Level 2.3 Stealth
 + Level 3.4 Unarmed Combat


You had one spell level left.
You didn't know any spells.
Your spell library was empty.

Dungeon Overview and Level Annotations

Branches:
Dungeon (3/15)

Altars:


Innate Abilities, Weirdness & Mutations

((You are very nimble when in or above water. (Stealth+, EV+, Speed+++)))
Your lower body shifts to a powerful aquatic tail in water.


Message History

The endoplasm is moderately wounded.
The endoplasm hits you. The adder bites you.
You hit the endoplasm.
The endoplasm is almost dead.
The adder barely misses you. The endoplasm barely misses you.
The frilled lizard unfolds its giant frill.
You hit the endoplasm.
You kill the endoplasm!
The adder barely misses you. The adder completely misses you.
You hit the frilled lizard.
The frilled lizard is moderately wounded.
The frilled lizard barely misses you. The adder closely misses you.
You miss the frilled lizard.
The frilled lizard is moderately wounded.
The adder bites you but does no damage. The frilled lizard closely misses you.
You hit the frilled lizard.
You kill the frilled lizard!
The adder bites you but does no damage.
You hit the gnoll.
The gnoll is moderately wounded.
The adder barely misses you. The gnoll completely misses you.
The adder bites you but does no damage.
You hit the gnoll.
The gnoll is heavily wounded.
The adder misses you. The gnoll closely misses you.
You barely miss the gnoll.
The gnoll is heavily wounded.
The adder bites you. The gnoll closely misses you.
You hit the gnoll but do no damage.
The gnoll is heavily wounded.
The adder closely misses you. The gnoll hits you with a +0 whip.
You barely miss the gnoll.
The gnoll is heavily wounded.
The adder bites you.
You hit the gnoll but do no damage.
The gnoll is heavily wounded.
The adder closely misses you. The gnoll hits you with a +0 whip.
* * * LOW HITPOINT WARNING * * *
The adder bites you.
You die...

#!##...##...#
#.#....##.#####.
##.##.#....# ...
###...####...##.###
...?.g ##..#.....
#...####......#
#.##.#.....<##
#gSlr........#
#@##.#####....#
###..# .##.# #...#
J# ..# ...... ## .#
?...... .......##
........


You could see a gnoll, an adder, a frilled lizard and a rat.

Vanquished Creatures
  2 dart slugs (D:2)
  An endoplasm (D:3)
  A hobgoblin (D:3)
  2 jackals (D:2)
  A ball python (D:1)
  2 frilled lizards
  A kobold (D:2)
10 creatures vanquished.

Notes
Turn   | Place    | Note
-------+----------+-------------------------------------------
     0 | D:1      | void236 the Merfolk Monk began the quest for the Orb.
     0 | D:1      | Reached XP level 1. HP: 18/18 MP: 1/1
   363 | D:2      | Reached XP level 2. HP: 6/24 MP: 2/2
   637 | D:3      | Slain by an adder

Illustrated notes

Levels and vault maps discovered:
D:1:      dpeg_arrival_central, layout_basic
D:2:      layout_basic
D:3:      layout_rooms, fedhas_altar_4, eat_drink_and_be_merry_uskayaw,
          mainiacjoe_overflow_alcove_1, nicolae_ecumenical_snake_handling,
          minmay_fractal_squares_gapless_5

Action                   || total
-------------------------++-------
Melee: Unarmed           ||    52
       Punch             ||     2
 Stab: Sleeping          ||     1
Armor: Robe              ||    15
Dodge: Dodged            ||    65
